 Dungeon Crawl Stone Soup version 0.31-a0-1448-g4a97266 (webtiles) character file.

Game seed: 5927134887838418805

13545 sdynet the Warrior (level 12, -8/87 HPs)
             Began as a Gargoyle Hunter on Dec 27, 2023.
             Was a Follower of Uskayaw.
             Incinerated by a deep elf pyromancer (15 damage)
             ... with a pyre arrow
             ... in a volcano.
             The game lasted 00:43:02 (9924 turns).

sdynet the Warrior (Gargoyle Hunter)                Turns: 9924, Time: 00:43:03

Health: -8/87      AC: 19    Str: 15    XL:     12   Next: 7%
Magic:  27/27      EV: 13    Int:  9    God:    Uskayaw [*.....]
Gold:   829        SH:  0    Dex: 17    Spells: 9/11 levels left

rFire   . . .        o - +0 short sword (venom)
rCold   + . .        (no shield)
rNeg    + . .        B - +2 leather armour {rC+}
rPois   ∞            f - +0 helmet of Gaed {Harm Regen+ Int-2 SInv}
rElec   +            z - +0 cloak
rCorr   .            A - +1 pair of gloves
SInv    +            e - +1 pair of boots
Will    .....        (no amulet)
Stlth   +            c - ring of magical power
HPRegen 1.14/turn    t - ring of wizardry
MPRegen 0.20/turn

%: harm (+30% outgoing, +20% incoming), wizardry (x1)
@: on fire, glowing
A: sickness immunity, AC +8, negative energy resistance 1, electricity
resistance, torment resistance 1, petrification resistance
a: Renounce Religion, Stomp


You were in a volcano.
You worshipped Uskayaw.
Uskayaw was aware of your devotion.
You visited 4 branches of the dungeon, and saw 13 of its levels.
You also visited: Volcano.

You collected 847 gold pieces.
You donated 18 gold pieces to Zin.

Inventory:

Hand Weapons
 a - a +0 orcbow
 b - a +1 shortbow
 o - a +0 short sword of venom (weapon)
Missiles
 u - 2 atropa-tipped darts
 v - 3 throwing nets
 W - 11 boomerangs
 Y - 2 curare-tipped darts
 Z - 26 poisoned darts
Armour
 e - a +1 pair of boots (worn)
 f - the +0 helmet of Gaed (worn) {Harm Regen+ Int-2 SInv}
   (You acquired it on level 4 of the Dungeon)

   Int-2:     It affects your intelligence (-2).
   SInv:      It lets you see invisible.
   Regen+:    It increases your rate of health regeneration.
   Harm:      It increases damage dealt and taken.
 z - a +0 cloak (worn)
 A - a +1 pair of gloves (worn)
 B - a +2 leather armour of cold resistance (worn)
Jewellery
 c - a ring of magical power (left hand)
 t - a ring of wizardry (right hand)
Wands
 C - a wand of paralysis (2)
 X - a wand of mindburst (3) (quivered)
Scrolls
 d - 6 scrolls of teleportation {!r}
 q - a scroll of torment
 s - a scroll of poison
 w - 3 scrolls of revelation {!r}
Potions
 h - 2 potions of curing {!q}
 i - a potion of ambrosia {!q}
 j - 2 potions of enlightenment {!q!q}
 k - a potion of brilliance {!q}
 l - a potion of magic {!q}
 n - 4 potions of lignification {!q}


   Skills:
 + Level 15.1 Fighting
 - Level 9.0 Ranged Weapons
 + Level 5.4 Throwing
 - Level 3.0 Dodging
 - Level 3.0 Stealth
 + Level 8.1 Invocations
 - Level 1.0 Evocations


You had 9 spell levels left.
You knew the following spells:

 Your Spells              Type           Power      Damage    Failure   Level
q - Blink                 Tloc           0%         N/A       28%         2

Your spell library contained the following spells:

 Spells                   Type           Power      Damage    Failure   Level
 Summon Small Mammal      Summ           0%         N/A       21%         1
 Lesser Beckoning         Tloc           0%         N/A       28%         2
 Momentum Strike          Conj/Tloc      0%         3d8       28%         2
 Call Canine Familiar     Summ           0%         N/A       50%         3
 Dazzling Flash           Conj/Hex       0%         N/A       50%         3
 Mephitic Cloud           Conj/Alch/Air  0%         N/A       50%         3
 Sigil of Binding         Hex            0%         N/A       50%         3
 Stone Arrow              Conj/Erth      0%         3d7       50%         3
 Tukima's Dance           Hex            0%         N/A       50%         3
 Animate Armour           Summ/Erth      0%         N/A       86%         4
 Brom's Barrelling Bould  Conj/Erth      0%         2d3       86%         4
 Dimensional Bullseye     Hex/Tloc       0%         N/A       86%         4
 Dispel Undead            Necr           0%         3d6       86%         4
 Martyr's Knell           Necr/Summ      0%         N/A       86%         4
 Passage of Golubria      Tloc           0%         N/A       86%         4
 Petrify                  Alch/Erth      0%         N/A       86%         4
 Summon Blazeheart Golem  Fire/Summ      0%         N/A       86%         4
 Vhi's Electric Charge    Tloc/Air       0%         N/A       86%         4
 Arcjolt                  Conj/Air       0%         1d10      99%         5
 Curse of Agony           Necr           0%         N/A       99%         5
 Fireball                 Conj/Fire      0%         3d3       99%         5
 Irradiate                Conj/Alch      0%         3d11      99%         5
 Iskenderun's Battlesphe  Conj           0%         2d6       99%         5
 Silence                  Hex/Air        0%         N/A       99%         5
 Yara's Violent Unravell  Hex/Alch       0%         3d3       99%         5
 Conjure Ball Lightning   Conj/Air       0%         3x3d6     100%        6
 Death Channel            Necr           0%         N/A       100%        6
 Plasma Beam              Fire/Air       0%         2x1d10    100%        6
 Sculpt Simulacrum        Ice/Alch       0%         N/A       100%        6
 Orb of Destruction       Conj           0%         9d5       100%        7
 Ozocubu's Refrigeration  Ice            0%         4d7       100%        7
 Lehudib's Crystal Spear  Conj/Erth      0%         10d2      100%        8
 Polar Vortex             Ice            0%         N/A       100%        9
 Cigotuvi's Dreadful Rot  Necr/Alch/Air  Unusable   N/A       N/A         2
 Sublimation of Blood     Necr           Unusable   N/A       N/A         2

Dungeon Overview and Level Annotations

Branches:
Dungeon (9/15)             Temple (1/1) D:4            Lair (1/5) D:9
    Orc (2/2) D:9             Elf (0/3) Orc:2       Volcano (1/1)

Altars:
Ashenzari
Cheibriados
Dithmenos
Fedhas
Gozag
Hepliaklqana
Kikubaaqudgha
Makhleb
Nemelex Xobeh
Okawaru
Qazlal
Ru
Sif Muna
Trog
Uskayaw
Vehumet
Wu Jian
Xom
Yredelemnul
Zin
The Shining One

Shops:
D:7 (

Annotations:
D:3 2 transporters, gb0801's ghost, amateur AtFi


Innate Abilities, Weirdness & Mutations

You are immune to sickness and miasma.
Your stone body is resilient. (AC +8)
You are immune to poison.
You resist negative energy. (rN+)
You are resistant to electric shocks. (rElec)
You are resistant to unholy torment.
You are immune to petrification.


Message History

There is an open door here.
You hit the deep elf archer but do no damage.
The deep elf archer is moderately wounded.
The deep elf archer casts a spell.
The deep elf archer blinks!
Okay, then.
As you read the scroll of teleportation {!r}, it crumbles to dust.
You feel strangely unstable.
The deep elf archer unwields a +0 short sword of flaming.
It stops flaming.
The deep elf archer wields a +2 shortbow of flaming.
It bursts into flame!
The deep elf archer shoots an arrow.
The arrow hits you!! The arrow burns you.
The deep elf pyromancer shouts!
A deep elf pyromancer breaks down the door.
The deep elf pyromancer points at you and mumbles some strange words.
The bolt of fire hits you.
Aiming: Mindburst
Press: ? - help, Shift-Dir - straight line, f - deep elf pyromancer
Aim: a deep elf pyromancer, wielding a +0 dagger and wearing a +0 leather armour (chance to affect: 51%)
The deep elf pyromancer resists with significant effort.
Your surroundings seem slightly different.
The deep elf pyromancer points at you and mumbles some strange words.
The pyre arrow hits you.
You are covered in intense liquid fire!
The deep elf archer shoots an arrow.
The arrow hits you! The arrow burns you.
* * * LOW HITPOINT WARNING * * *
Okay, then.
You shake off some of the fire as you move.
The liquid fire burns you!
* * * LOW HITPOINT WARNING * * *
You shake off some of the fire as you move.
The liquid fire burns you!
* * * LOW HITPOINT WARNING * * *
The deep elf pyromancer points at you and mumbles some strange words.
The pyre arrow hits you.
You are even more covered in intense liquid fire!
You shake off some of the fire as you move.
The liquid fire burns you!
You die...

### ###§≈≈
###§§§≈# ##§§§§###
###§§≈≈###.#
###≈≈≈§###...#
###≈≈≈≈###.'.≈.#
###§≈≈≈###...#@..#
#§≈≈≈###e....###e#
§§§###e....###.h.#
###.'†.#### ....#
#∩..####..+.....#
#∩..# ...#...###
###.# .§..#.#+ .#
≈≈≈###.....## .#
##≈≈≈≈###...#


You could see a deep elf pyromancer and a hell hound.

Vanquished Creatures
  2 boulder beetles
  Pikel (D:7)
  An orc sorcerer (Orc:2)
  Maurice (D:7)
  A black mamba (Lair:1)
  A cane toad (Lair:1)
  A rime drake (Lair:1)
  3 komodo dragons (Lair:1)
  A merfolk (D:8)
  2 trolls
  A shadow (D:9)
  A fire elemental (Volcano)
  16 yaks
  A steam dragon (D:7)
  5 hell hounds
  A water moccasin (D:6)
  12 orc warriors
  3 black bears
  2 sky beasts
  6 centaurs
  10 ogres
  A phantom (D:5)
  5 kobold brigands
  3 gnoll sergeants
  4 bullfrogs
  A scorpion (D:5)
  6 wights
  3 howler monkeys
  A bombardier beetle (D:4)
  2 hounds
  A jelly (D:5)
  2 gnoll boudas
  8 orc priests
  3 sleepcaps
  An iguana (D:6)
  11 orc wizards
  26 gnolls
  An adder (D:3)
  A shadow imp (D:6)
  2 white imps
  4 ufetubi
  2 worms
  A dart slug (D:5)
  61 orcs
  7 ball pythons
  6 bats
  9 endoplasms
  A giant cockroach (D:3)
  6 goblins
  9 hobgoblins
  2 quokkas
  6 frilled lizards
  17 kobolds
  4 rats
289 creatures vanquished.

Vanquished Creatures (collateral kills)
  A ball python (D:4)
  An endoplasm (D:4)
2 creatures vanquished.

Vanquished Creatures (others)
  A human (D:4)
1 creature vanquished.

Grand Total: 292 creatures vanquished

Notes
Turn   | Place    | Note
-------+----------+-------------------------------------------
     0 | D:1      | sdynet the Gargoyle Hunter began the quest for the Orb.
     0 | D:1      | Reached XP level 1. HP: 12/12 MP: 1/1
    86 | D:1      | Reached XP level 2. HP: 18/18 MP: 2/2
   184 | D:1      | Reached skill level 3 in Fighting
   292 | D:1      | Reached XP level 3. HP: 10/23 MP: 3/3
   982 | D:2      | Reached skill level 4 in Fighting
  1452 | D:3      | Reached XP level 4. HP: 25/29 MP: 4/4
  1522 | D:3      | Found a faded altar of an unknown god.
  1578 | D:3      | Found a transporter.
  1578 | D:3      | Noticed gb0801's ghost (amateur AtFi)
  1578 | D:3      | Noticed an ogre
  1579 | D:3      | Found a transporter.
  1581 | D:3      | Noticed an ogre
  1582 | D:3      | Noticed an ogre
  2065 | D:4      | Noticed an ogre
  2168 | D:4      | Found a glowing silver altar of Zin.
  2169 | D:4      | Found an opulent altar of Gozag.
  2184 | D:4      | Became a worshipper of Zin the Law-Giver
  2184 | D:4      | Reached * piety under Zin
  2207 | D:4      | Noticed a black bear
  2213 | D:4      | Killed a black bear
  2214 | D:4      | Reached skill level 5 in Fighting
  2214 | D:4      | Reached skill level 1 in Invocations
  2214 | D:4      | Reached XP level 5. HP: 35/35 MP: 4/6
  2660 | D:4      | Identified a scroll of acquirement
  2660 | D:4      | Acquired the +0 helmet of Gaed {Harm Regen+ Int-2 SInv}
  2703 | D:4      | Killed an ogre
  2704 | D:4      | Reached XP level 6. HP: 41/41 MP: 6/8
  2770 | D:4      | Found a staircase to the Ecumenical Temple.
  2779 | Temple   | Entered the Ecumenical Temple
  2792 | Temple   | Fell from the grace of Zin
  2792 | Temple   | Became a worshipper of Uskayaw the Reveller
  2872 | D:4      | Found an ancient bone altar of Kikubaaqudgha.
  2873 | D:4      | Noticed a human
  2876 | D:4      | Killed a human
  3048 | D:4      | Found a snail-covered altar of Cheibriados.
  3067 | D:4      | Reached * piety under Uskayaw
  3072 | D:4      | Reached ** piety under Uskayaw
  3075 | D:4      | Reached skill level 6 in Fighting
  3078 | D:4      | Reached *** piety under Uskayaw
  3252 | D:5      | Entered Level 5 of the Dungeon
  3320 | D:5      | Reached skill level 7 in Fighting
  3320 | D:5      | Reached XP level 7. HP: 27/48 MP: 9/9
  3555 | D:5      | Found a shadowy altar of Dithmenos.
  3737 | D:5      | Reached skill level 1 in Throwing
  3764 | D:5      | Reached **** piety under Uskayaw
  3765 | D:5      | Reached XP level 8. HP: 54/54 MP: 10/10
  3962 | D:6      | Reached skill level 8 in Fighting
  3962 | D:6      | Reached skill level 5 in Ranged Weapons
  4019 | D:6      | Reached ***** piety under Uskayaw
  4165 | D:6      | Reached skill level 9 in Fighting
  4165 | D:6      | Reached XP level 9. HP: 60/60 MP: 11/11
  4308 | D:6      | Found a burning altar of Makhleb.
  4308 | D:6      | Found a broken altar of Ashenzari.
  4449 | D:6      | Found a blossoming altar of Fedhas.
  4830 | D:7      | Noticed Maurice
  4848 | D:7      | Noticed Pikel
  4858 | D:7      | Killed Maurice
  4867 | D:7      | Killed Pikel
  4868 | D:7      | Reached skill level 10 in Fighting
  5491 | D:7      | Found a transporter.
  5491 | D:7      | Found Ilaodal's Antique Weapon Shoppe.
  5560 | D:7      | Found a transporter.
  5776 | D:7      | Reached XP level 10. HP: 51/68 MP: 12/12
  5793 | D:7      | Found a sparkling altar of Nemelex Xobeh.
  6247 | D:8      | Reached skill level 11 in Fighting
  6405 | D:8      | Found a shimmering altar of Xom.
  6412 | D:8      | Identified the staff of Dishonesty {rC+ Necro Earth}
  6615 | D:8      | Noticed a boulder beetle
  6627 | D:8      | Killed a boulder beetle
  6628 | D:8      | Reached skill level 12 in Fighting
  7179 | D:9      | Reached skill level 13 in Fighting
  7194 | D:9      | Reached ****** piety under Uskayaw
  7355 | D:9      | Found a staircase to the Orcish Mines.
  7396 | D:9      | Found a staircase to the Lair.
  7418 | D:9      | Reached skill level 1 in Evocations
  7426 | D:9      | Reached XP level 11. HP: 38/78 MP: 13/13
  8021 | D:9      | Found a shimmering altar of Xom.
  8272 | Lair:1   | Entered Level 1 of the Lair of Beasts
  8292 | Lair:1   | Reached skill level 5 in Invocations
  8316 | Lair:1   | Reached skill level 14 in Fighting
  8522 | Lair:1   | Learned a level 2 spell: Blink
  8818 | Lair:1   | Found an ornate altar of the Wu Jian Council.
  8818 | Lair:1   | Noticed a boulder beetle
  8823 | Lair:1   | Found a hide-covered altar of Uskayaw.
  8839 | Lair:1   | Killed a boulder beetle
  9308 | Orc:1    | Entered Level 1 of the Orcish Mines
  9695 | Orc:2    | Entered Level 2 of the Orcish Mines
  9738 | Orc:2    | Noticed an orc sorcerer
  9750 | Orc:2    | Killed an orc sorcerer
  9751 | Orc:2    | Reached skill level 15 in Fighting
  9751 | Orc:2    | Reached skill level 5 in Throwing
  9788 | Orc:2    | Reached XP level 12. HP: 77/87 MP: 17/17
  9819 | Orc:2    | Found a dark tunnel.
  9841 | Volcano  | Entered a volcano
  9924 | Volcano  | Incinerated by a deep elf pyromancer

Illustrated notes

Levels and vault maps discovered:
D:1:      dpeg_arrival_tiny_e, layout_basic
D:2:      layout_basic
D:3:      layout_rooms, shapermc_ecumenical_altar_flowoftime,
          gammafunk_ghost_smash, glass_columns_a, kennysheep_generic_room_9
D:4:      black_bear_nest_1, layout_cave_pods,
          grunt_temple_overflow_gold_and_silver, kennysheep_mini_moat,
          tgw_kikubaaqudgha, minmay_temple_entry_steel_oval
D:5:      kennysheep_six_static_rooms, layout_rooms,
          mainiacjoe_overflow_alcove_1, minmay_misc_feat_plants
D:6:      layout_rooms, fedhas_altar_4, mainiacjoe_overflow_divided_tiny
D:7:      layout_layer_cave, nemelex_dance_club_becter, serial_shops,
          nicolae_shop_drivethru, kennysheep_generic_room_15, uniq_pikel,
          uniq_maurice
D:8:      layout_cave_pools, roadster_trireme
D:9:      layout_stronghold, regret_index_xom_buried_treasure, lair_entry_dummy,
          hiddenorc1_lemuel
Temple:   nicolae_temple_ecumenical_triangle
Lair:1:   layout_concentric_octagons, nzn_masters_of_martial_movement,
          infiniplex_staircase_pool_2
Orc:1:    layout_caves, serial_shops, nicolae_shop_peninsula,
          nicolae_orc_damp_corner
Orc:2:    st_orc_elflike, layout_caves, enter_volcano_3, mines2_david
Volcano:  hellmonk_pyromancer_palace

Skill      XL: |  1  2  3  4  5  6  7  8  9 10 11 12 |
---------------+-------------------------------------+-----
Stealth        | 2 3 |  3.0
Fighting       | 3 4 5 7 9 10 13 15 | 15.1
Invocations    | 1 2 3 7 8 |  8.1
Dodging        | 2 3 |  3.0
Throwing       | 1 4 5 |  5.4
Ranged Weapons | 6 8 9 |  9.0
Evocations     | 1 |  1.0

Action                     |  1- 3 |  4- 6 |  7- 9 | 10-12 || total
---------------------------+-------+-------+-------+-------++-------
  Melee: Short sword       |       |    11 |       |    36 ||    47
         Unarmed           |       |       |       |     6 ||     6
   Fire: Shortbow          |   152 |   134 |   263 |    99 ||   648
         Orcbow            |       |       |       |   370 ||   370
  Throw: Dart              |       |       |     8 |    46 ||    54
 Invoke: Stomp             |       |       |     6 |    16 ||    22
         Line Pass         |       |       |       |     1 ||     1
  Evoke: Wand              |       |       |     5 |    37 ||    42
    Use: Scroll            |     3 |    14 |     2 |     9 ||    28
         Potion            |       |     3 |     2 |    14 ||    19
   Stab: Paralysed         |       |       |       |     4 ||     4
 Armour: Leather armour    |    33 |    99 |   159 |   286 ||   577
         Skin              |       |    21 |       |    11 ||    32
  Dodge: Dodged            |    48 |    64 |   160 |   222 ||   494

Table legend: (Time is in decaauts)
 A = Elapsed time spent in this place.
 B = Non-inter-level travel time spent in this place.
 C = Inter-level travel time spent in this place.
 D = Time resting spent in this place.
 E = Time spent auto-exploring this place.
 F = Levels seen in this place.
 G = Mean time per level.
                   A        B        C        D        E       F      G
               +--------+--------+--------+--------+--------+-----+--------+
         Total |  10014 |   9277 |    737 |    153 |   6841 |  14 |  715.3 |
       Dungeon |   8394 |   7737 |    657 |    133 |   5784 |   9 |  932.7 |
        Temple |     26 |     14 |     12 |      0 |      0 |   1 |   26.0 |
          Lair |   1010 |    967 |     43 |      9 |    767 |   1 | 1010.0 |
  Orcish Mines |    519 |    494 |     25 |      0 |    288 |   2 |  259.5 |
       Volcano |     63 |     63 |      0 |     11 |      0 |   1 |   63.0 |
               +--------+--------+--------+--------+--------+-----+--------+

Top non-repeatable levels by time:
     D:7: 1583 daAuts
     D:9: 1304 daAuts
     D:4: 1192 daAuts
  Lair:1: 1010 daAuts
     D:2: 868 daAuts
     D:8: 816 daAuts
     D:6: 705 daAuts
     D:1: 701 daAuts
     D:5: 654 daAuts
     D:3: 568 daAuts
   Orc:1: 391 daAuts
   Orc:2: 127 daAuts
 Volcano: 63 daAuts
  Temple: 26 daAuts
